 Dungeon Crawl Stone Soup version 0.24.0-37-gcf1ca852f1 (webtiles) character file.

Game seed: 8543053832820941996, levelgen mode: deterministic

105 Belius the Skirmisher (level 5, -6/42 HPs)
             Began as a Formicid Abyssal Knight on Dec 5, 2019.
             Was a Believer of Lugonu.
             Mangled by Grinder (9 damage)
             ... on level 3 of the Dungeon.
             The game lasted 00:05:09 (2466 turns).

Belius the Skirmisher (Formicid Abyssal Knight)     Turns: 2466, Time: 00:05:10

Health: -6/42      AC:  5    Str: 21 (22) XL:     5   Next: 9%
Magic:  6/6        EV: 11    Int:  9 (12) God:    Lugonu [**....]
Gold:   134        SH:  0    Dex:  9 (10) Spells: 4/4 levels left

rFire    . . .     SeeInvis +   a - +2 falchion
rCold    . . .     Gourm    .   (no shield)
rNeg     . . .     Faith    .   d - +0 ring mail
rPois    .         Spirit   .   (helmet unavailable)
rElec    .         Reflect  .   (no cloak)
rCorr    .         Harm     .   (no gloves)
MR       .....                  (no boots)
Stlth    ..........             (no amulet)
HPRegen  0.14/turn              (no ring)
MPRegen  0.10/turn              (no ring)

@: mighty, flying
A: permanent stasis, dig shafts and tunnels, four strong arms, antennae 3,
subdued magic 1, MP-powered wands
a: Dig, Shaft Self, Depart the Abyss, Bend Space, Renounce Religion


You were on level 3 of the Dungeon.
You worshipped Lugonu.
Lugonu was pleased with you.
You were very hungry.

You visited 1 branch of the dungeon, and saw 3 of its levels.
You visited the Abyss 1 time.

You collected 134 gold pieces.

Inventory:

Hand Weapons
 a - a +2 falchion (weapon)
Armour
 d - a +0 ring mail (worn)
Scrolls
 e - a scroll of fog
 g - a scroll of random uselessness {unknown}
 h - 4 scrolls of enchant armour {unknown}
 j - a scroll of magic mapping {unknown}
 k - a scroll of enchant weapon
 m - 2 scrolls of teleportation {unknown}
 o - a scroll of remove curse {unknown}
Potions
 l - a potion of brilliance {unknown}
 n - a potion of invisibility {unknown}
 q - a potion of heal wounds
Comestibles
 c - 7 rations


   Skills:
 + Level 4.1 Fighting
 + Level 3.3 Long Blades
 + Level 3.0 Armour
 + Level 1.5 Dodging
 + Level 0.2 Stealth
 + Level 2.3 Invocations


You had 4 spell levels left.
You didn't know any spells.
Your spell library was empty.

Dungeon Overview and Level Annotations

Branches:
Dungeon (3/15)

Altars:

Annotations:
D:3 Grinder, Sigmund


Innate Abilities, Weirdness & Mutations

You cannot be hasted, slowed, berserked, paralysed or teleported.
You can dig through walls and to a lower floor.
Your four strong arms can wield two-handed weapons with a shield.
You have a pair of large antennae on your head. (SInv)
Your spells are a little easier to cast, but a little less powerful.
You expend magic power (3 MP) to strengthen your wands.


Message History

Grinder gestures at you. You resist with significant effort.
You slash Grinder!
Grinder is moderately wounded.
Grinder hits you!
You writhe in agony.
Sigmund hits you but does no damage.
You slash Grinder!
Grinder is severely wounded.
Grinder says, "Just stop there for a second..."
Grinder closely misses you. Grinder hits you.
You writhe in agony.
Sigmund hits you but does no damage.
You barely miss Grinder.
Grinder is severely wounded.
Grinder hits you.
You writhe in agony.
You hit Grinder.
Grinder is severely wounded.
Grinder hits you but does no damage.
Sigmund hits you from afar with a +0 scythe!
* * * LOW HITPOINT WARNING * * *
Grinder hits you!
You die...

................
................
................
..........!...@.
#......@#
#.......#
#.......#
#......@#######.#
#.......5@......#
#....(..#######..
#.......#.....
#......5..#
#.........#
####...####
#...## #######..#
{ .........#


You could see Grinder and Sigmund.

Vanquished Creatures
  Natasha (D:3)
  3 adders (D:2)
  A worm (D:2)
  A dart slug (D:2)
  An orc (D:3)
  4 giant cockroaches (D:2)
  6 goblins
  7 hobgoblins
  3 jackals
  3 bats
  9 frilled lizards
  5 kobolds
  6 rats
50 creatures vanquished.

Notes
Turn   | Place    | Note
-------+----------+-------------------------------------------
     0 | Abyss:1  | Belius the Formicid Abyssal Knight began the quest for the
                  | Orb.
     0 | Abyss:1  | Reached XP level 1. HP: 18/18 MP: 2/2
    52 | Abyss:1  | Noticed a chaos spawn
    66 | D:1      | Escaped the Abyss
   133 | D:1      | Reached * piety under Lugonu
   274 | D:1      | Reached skill level 1 in Dodging
   276 | D:1      | Reached XP level 2. HP: 21/24 MP: 3/3
  1010 | D:2      | Reached XP level 3. HP: 30/30 MP: 4/4
  1445 | D:2      | Reached skill level 4 in Fighting
  1446 | D:2      | Reached XP level 4. HP: 30/37 MP: 5/5
  1767 | D:2      | Reached ** piety under Lugonu
  2249 | D:3      | Noticed Natasha
  2252 | D:3      | Gained mutation: Your spells are a little easier to cast,
                  | but a little less powerful. [potion of mutation]
  2252 | D:3      | Gained mutation: You expend magic power (3 MP) to
                  | strengthen your wands. [potion of mutation]
  2270 | D:3      | Killed Natasha
  2270 | D:3      | Reached XP level 5. HP: 20/42 MP: 6/6
  2452 | D:3      | Noticed Sigmund
  2456 | D:3      | Noticed Grinder
  2466 | D:3      | Mangled by Grinder

Levels and vault maps discovered:
D:1:      evilmike_arrival_crescent, layout_basic, lemuel_another_geyser
D:2:      layout_basic
D:3:      minmay_chambers_of_twos, layout_rooms, lemuel_coloured_pillars_altar,
          trog_eyes_of_draining, first_ration, kennysheep_generic_room_3,
          uniq_natasha, uniq_crazy_yiuf_cottage, uniq_grinder, uniq_sigmund

Skill      XL: |  1  2  3  4 |
---------------+-------------+-----
Dodging        | 1 |  1.5
Fighting       | 4 |  4.1
Long Blades    | 3 |  3.3
Armour         | 3 |  3.0
Stealth        | |  0.2
Invocations    | |  2.3

Action                   |  1- 3 |  4- 6 || total
-------------------------+-------+-------++-------
Melee: Falchion          |    90 |    58 ||   148
Invok: Depart the Abyss  |     1 |       ||     1
  Use: Scroll            |     2 |     3 ||     5
       Potion            |     1 |     5 ||     6
  Eat: Chunk             |     1 |     3 ||     4
Armor: Leather armour    |    30 |     7 ||    37
       Ring mail         |       |     6 ||     6
Dodge: Dodged            |    71 |    39 ||   110
       Rpst.: Falchion   |    21 |     5 ||    26
